 Dungeon Crawl Stone Soup version 0.22-a0-348-gd16d1391c7 (webtiles) character file.

52 MirrMurr the Ducker (level 3, -1/19 HPs)
             Began as a Spriggan Berserker on Apr 7, 2018.
             Was a Follower of Trog.
             Killed from afar by Natasha (6 damage)
             ... with a magic dart
             ... on level 2 of the Dungeon.
             The game lasted 00:03:43 (1764 turns).

MirrMurr the Ducker (Spriggan Berserker)            Turns: 1764, Time: 00:03:43

Health: -1/19      AC:  3    Str: 14    XL:     3   Next: 60%
Magic:  4/4        EV: 35    Int:  8    God:    Trog [*.....]
Gold:   61         SH:  0    Dex: 15    Spells: 2/2 levels left

rFire    . . .     SeeInvis +   a - +0 spear
rCold    . . .     Gourm    .   (shield restricted)
rNeg     . . .     Faith    .   b - +0 animal skin
rPois    .         Spirit   .   (helmet restricted)
rElec    .         Reflect  .   e - +0 cloak
rCorr    .         Harm     .   (gloves unavailable)
MR       .....                  (boots unavailable)
Stlth    ++........             k - amulet of the acrobat
HPRegen  0.06/turn              (no ring)
MPRegen  0.09/turn              (no ring)

@: berserk cooldown, very quick
A: very small, unfitting armour, see invisible, herbivore, speed 3, slow
metabolism 2
a: Berserk, Renounce Religion


You were on level 2 of the Dungeon.
You worshipped Trog.
Trog was aware of your devotion.
You were not hungry.

You visited 1 branch of the dungeon, and saw 2 of its levels.

You collected 61 gold pieces.

Inventory:

Hand Weapons
 a - a +0 spear (weapon)
Missiles
 d - 21 stones (quivered)
 n - 20 bolts
Armour
 b - a +0 animal skin (worn)
 e - a +0 cloak (worn)
Jewellery
 i - a cursed -2 ring of evasion {unknown}
 k - an amulet of the acrobat (around neck)
Wands
 m - a wand of random effects (40)
Scrolls
 h - a scroll of remove curse {unknown}
Potions
 f - a potion of magic {unknown}
 g - a potion of agility {unknown}
 j - a potion of curing
 l - a potion of mutation {unknown}
 o - a potion of flight {unknown}
Comestibles
 c - 3 rations


   Skills:
 - Level 2.4 Fighting
 * Level 2.9 Polearms
 + Level 5.0 Dodging
 + Level 2.5 Stealth


You had 2 spell levels left.
You didn't know any spells.

Dungeon Overview and Level Annotations

Branches:
Dungeon (2/15)

Altars:

Annotations:
D:2 Natasha


Innate Abilities, Weirdness & Mutations

You are very small and have problems with some larger weapons.
You are too small for most types of armour.
You have supernaturally acute eyesight. (SInv)
You are a herbivore.
You cover ground extremely quickly.
You need to consume almost no food.


Message History

The worm is almost dead.
You puncture the worm!
You kill the worm!
Trog accepts your kill.
You feel a strong urge to attack something.
d - 21 stones (gained 1)
You eat one of the 4 rations.
That ration really hit the spot!
You feel your anger nearly subside.
You are no longer berserk.
You are exhausted.
You feel yourself slow down.
You start resting.
Natasha is nearby!
Natasha is nearby!
You feel yourself speed up.
You're still recovering from your berserk rage.
Unknown command.
Natasha zaps a wand.
Some rock shatters into small pieces.
Natasha casts a spell at you. The magic dart hits you!
You die...

.#####...........#...............
.................................
....†...SS.........#...h.##.....#
........<...............#########
.....#.............#..###
......................##
.................#.....#
.......#......##.....#..#
.....#....#...##@.....#.#
...######...#....#......# ##
###......#...#### ###........##
###.......# #<.#....#
######..#......
####.......#...#[. #.....###.##
..# #


You could see Natasha.

Vanquished Creatures
  2 adders
  An ooze (D:2)
  A worm (D:2)
  A dart slug (D:2)
  A leopard gecko (D:2)
  4 bats
  A giant cockroach (D:2)
  5 hobgoblins
  3 frilled lizards
  4 kobolds
  4 rats (D:1)
27 creatures vanquished.

Notes
Turn   | Place    | Note
-------+----------+-------------------------------------------
     0 | D:1      | MirrMurr the Spriggan Berserker began the quest for the Orb.
     0 | D:1      | Reached XP level 1. HP: 11/11 MP: 2/2
   353 | D:1      | Reached skill level 1 in Stealth
   392 | D:1      | Reached XP level 2. HP: 14/16 MP: 3/3
   758 | D:2      | Noticed Natasha
   765 | D:2      | Noticed a crimson imp
  1037 | D:1      | Reached XP level 3. HP: 12/19 MP: 4/4
  1323 | D:2      | Reached skill level 5 in Dodging
  1764 | D:2      | Killed from afar by Natasha

Vault maps used:
D:1:      eino_arrival_water_star, minivault_25
D:2:      nicolae_dithmenos_shadow_blocks, first_ration, uniq_natasha

Skill      XL: |  1  2  3 |
---------------+----------+-----
Stealth        | 1 2 |  2.5
Dodging        | 5 |  5.0
Fighting       | |  2.4
Polearms       | |  2.9

Action                   || total
-------------------------++-------
Melee: Spear             ||   157
Invok: Berserk           ||     1
  Use: Scroll            ||     2
       Potion            ||     1
 Stab: Sleeping          ||     5
  Eat: Ration            ||     1
Armor: Animal skin       ||    17
Dodge: Dodged            ||   130

Table legend:
 A = Spawn XP
 B = Non-spawn XP
 C = Spawn XP percentage of total XP
 D = Spawn monster count
 E = Non-spawn monster count
 F = Spawn count percentage of total count
 G = Total turns spent on level
                    A         B        C        D         E        F      G
               +---------+---------+-------+---------+---------+-------+---------
         Total |       0 |      75 |   0.0 |       0 |      27 |   0.0 |  1764
               +---------+---------+-------+---------+---------+-------+---------
           D:1 |       0 |      30 |   0.0 |       0 |      13 |   0.0 |  1512
           D:2 |       0 |      45 |   0.0 |       0 |      14 |   0.0 |   252
               +---------+---------+-------+---------+---------+-------+---------
